 Dungeon Crawl Stone Soup version 0.15-a0-2019-g30d9616 (webtiles) character file.

1775 AvylaarBelgium the Magician (level 8, -13/41 HPs)
             Began as a Deep Elf Ice Elementalist on July 11, 2014.
             Was an Initiate of Vehumet.
             Mangled by a lorocyproca (39 damage)
             ... on Level 1 of the Abyss on July 12, 2014.
             The game lasted 00:37:20 (5368 turns).

AvylaarBelgium the Magician (DEIE)                  Turns: 5368, Time: 00:37:20

HP -13/41        AC  3     Str  5      XL: 8   Next: 80%
MP   4/27        EV 15     Int 23      God: Vehumet [......]
Gold 440         SH  4     Dex 15      Spells:  5 memorised,  8 levels left

rFire  . . .     SeeInvis .     j - +0 hunting sling
rCold  + . .     Clarity  .     t - +0 robe {rC+}
rNeg   . . .     rCorr    .     y - +0 buckler
rPois  .         rRot     .     (no helmet)
rElec  .         Spirit   .     (no cloak)
SustAb .         Warding  .     (no gloves)
rMut   .         Stasis   .     E - +0 pair of boots
Gourm  .                        (no amulet)
MR     +....                    u - ring of invisibility
                                o - ring of protection from magic

@: somewhat resistant to hostile enchantments, unstealthy
A: no striking features
a: Renounce Religion, Evoke Invisibility


You were on level 1 of the Abyss.
You worshipped Vehumet.
Vehumet was noncommittal.
You were full.

You visited 2 branches of the dungeon, and saw 8 of its levels.
You visited the Abyss 1 time.
You also visited: Sewer.

You collected 440 gold pieces.

Inventory:

Hand weapons
 j - a +0 hunting sling (weapon)
 q - a +0 whip
Missiles
 e - 20 arrows
 m - a throwing net
 r - 2 silver tomahawks
 s - 10 tomahawks
 Z - 12 sling bullets (quivered)
Armour
 a - a +0 leather armour
 p - a +0 buckler
 t - a +0 robe of cold resistance (worn)
 y - a +0 buckler (worn)
 E - a +0 pair of boots (worn)
 S - a +0 leather armour
Magical devices
 d - a wand of confusion (9)
 x - a wand of enslavement (19)
 D - a wand of disintegration (17) {unknown}
 Q - a wand of enslavement (7)
Comestibles
 c - 5 bread rations
 l - 8 meat rations
Scrolls
 i - 4 scrolls of remove curse
 k - 3 scrolls of immolation
 v - a scroll of fog {unknown}
 A - a scroll of magic mapping {unknown}
 C - 2 scrolls of teleportation
 J - a scroll of random uselessness {unknown}
 K - 3 scrolls of identify {unknown}
 N - a scroll of amnesia {unknown}
 R - a scroll of blinking {unknown}
 U - a scroll of recharging {unknown}
Jewellery
 o - a ring of protection from magic (left hand)
 u - a ring of invisibility (right hand)
 X - an uncursed amulet of stasis
Potions
 f - 2 potions of heal wounds {unknown}
 g - a potion of cancellation {unknown}
 h - a potion of flight {unknown}
 n - 2 potions of curing
 w - a potion of magic {unknown}
 B - 4 potions of brilliance {unknown}
 F - 2 potions of restore abilities {unknown}
 G - 2 potions of lignification {unknown}
 H - a potion of berserk rage {unknown}
 I - 2 potions of might {unknown}
 L - a potion of agility
 V - a potion of poison {unknown}
Books
 b - a book of Frost

   Spells                             Type                      Level
   *Freeze                            Ice                          1
   *Throw Frost                       Conjuration/Ice              2
   *Ozocubu's Armour                  Charms/Ice                   3
   *Throw Icicle                      Conjuration/Ice              4
   *Summon Ice Beast                  Ice/Summoning                4
   Condensation Shield                Ice                          4
 z - a book of the Sky

   Spells                             Type                      Level
   Flight                             Charms/Air                   3
   Airstrike                          Air                          4
   Silence                            Hexes/Air                    5
   Deflect Missiles                   Charms/Air                   6
   Conjure Ball Lightning             Conjuration/Air              6
   Tornado                            Air                          9
 M - a book of Dreams

   Spells                             Type                      Level
   Ensorcelled Hibernation            Hexes/Ice                    2
   Flight                             Charms/Air                   3
   Phase Shift                        Translocation                5
   Shadow Creatures                   Summoning                    5
   Mass Confusion                     Hexes                        6
   Darkness                           Hexes                        7
Magical staves
 P - an uncursed staff of death


   Skills:
 + Level 0.0 Fighting
 + Level 6.1 Dodging
 - Level 2.4 Stealth
 - Level 1.2 Shields
 + Level 7.9 Spellcasting
 + Level 5.9 Conjurations
 - Level 3.0 Summonings
 + Level 7.0 Ice Magic


You had 8 spell levels left.
You knew the following spells:

 Your Spells              Type           Power        Failure   Level  Hunger
a - Freeze                Ice            ####         1%          1    None
b - Throw Frost           Conj/Ice       #####.       1%          2    None
c - Ozocubu's Armour      Chrm/Ice       ####......   6%          3    None
d - Throw Icicle          Conj/Ice       #####...     6%          4    ###....
e - Summon Ice Beast      Ice/Summ       ####....     10%         4    ###....


Dungeon Overview and Level Annotations

Branches:
Dungeon (7/15)             Temple (1/1) D:5

Altars:
Ashenzari
Cheibriados
Fedhas
Gozag
Makhleb
Okawaru
Qazlal
Sif Muna
Vehumet
Xom
Zin

Shops:
D:6 *

Annotations:
D:5 vYxOr's ghost, experienced MiFi


Message History

Attack!
Your ice beast hits the large abomination.
Your ice beast freezes the large abomination!
The large abomination barely misses your ice beast.
Your ice beast hits the large abomination.
Your ice beast freezes the large abomination!
The large abomination is destroyed!
Your Dodging skill increases to level 6!
Your Ice Magic skill increases to level 7!
Found 38 gold pieces.
Something hits you!!
Ouch! That really hurt!
You feel your power leaking away.
Deactivating autopickup; reactivate with Ctrl-A.
Something hits you.
You feel your power leaking away.
Drink which item? (? for menu, Esc to quit)
You feel better. Something hits you!!!
Ouch! That really hurt!
You die...

#.# . # . . #... #.##
###. .# # #... #+# ..
.####.. ...##.# ..#.
.#..# #..$# #### # #.#
.### #.@##..... . # ...#
##Y.#..# #.# .# #.....#
# . #.######
###.#..##... ..#
.#...##. .........#
#....###..#..#..##..####
... .##.#..#Y#.# ..# .
.... #.#.. ## .. .#.#
#.#... #


You could see a friendly ice beast.

Vanquished Creatures
  A two-headed ogre (D:6)
  Edmund (D:4)
  Menkaure (D:4)
  An ice beast (D:5)
  A yellow wasp (D:3)
  Sigmund (D:2)
  A giant frog (D:6)
  2 scorpions
  2 crimson imps (D:6)
  An orc wizard (D:6)
  2 worker ants (D:4)
  A gnoll (D:1)
  6 adders
  2 green rats
  3 worms (D:2)
  An ufetubus (Abyss:1)
  3 giant geckos
  4 orcs
  A ball python (D:5)
  9 bats
  8 giant cockroaches
  A giant mite zombie (D:6)
  7 goblins
  10 hobgoblins
  14 kobolds
  5 quokkas
  4 giant newts
  3 jackals
  A kobold zombie (D:5)
  16 rats
113 creatures vanquished.

Vanquished Creatures (collateral kills)
  A large abomination (Abyss:1)
  A sky beast (D:5)
  An ogre (D:4)
  A big kobold (Sewer)
  Duvessa (D:5)
  Blork the orc (D:5)
  Dowan (D:5)
  A centaur skeleton (D:5)
  A hound (D:5)
  An iguana (D:5)
  2 orc wizards
  A black bear zombie (D:5)
  2 worker ants (D:5)
  An ogre zombie (D:5)
  An adder (D:4)
  An inept item mimic (D:6)
  A shadow imp (D:6)
  A giant gecko (D:4)
  5 orcs
  A hobgoblin (D:5)
  3 jackals
  4 kobolds
  2 bats
  A giant gecko skeleton (D:5)
  A rat (D:4)
37 creatures vanquished.

Vanquished Creatures (others)
  8 ice beasts
8 creatures vanquished.

Grand Total: 158 creatures vanquished

Notes
Turn   | Place    | Note
--------------------------------------------------------------
     0 | D:1      | AvylaarBelgium, the Deep Elf Ice Elementalist, began the quest for the Orb.
     0 | D:1      | Reached XP level 1. HP: 10/10 MP: 5/5
   261 | D:1      | Reached XP level 2. HP: 15/15 MP: 6/8
   668 | D:2      | Learned a level 2 spell: Throw Frost
   710 | D:2      | Reached skill level 4 in Spellcasting
   796 | D:2      | Reached XP level 3. HP: 15/19 MP: 10/12
  1029 | D:2      | Reached XP level 4. HP: 24/24 MP: 7/15
  1163 | D:2      | Noticed Sigmund
  1206 | D:2      | Killed Sigmund
  1206 | D:2      | Reached skill level 5 in Spellcasting
  1206 | D:2      | Reached XP level 5. HP: 19/28 MP: 0/19
  1694 | D:3      | Found a stormy altar of Qazlal.
  1705 | D:3      | Noticed a water elemental
  1706 | D:3      | Noticed a fire elemental
  1706 | D:3      | Noticed an air elemental
  1836 | D:3      | Noticed a yellow wasp
  1859 | D:3      | Killed a yellow wasp
  1859 | D:3      | Reached skill level 5 in Ice Magic
  1882 | D:3      | Reached XP level 6. HP: 27/32 MP: 11/21
  2003 | D:3      | Learned a level 3 spell: Ozocubu's Armour
  2008 | D:3      | Learned a level 4 spell: Throw Icicle
  2023 | D:4      | Reached skill level 6 in Spellcasting
  2037 | D:4      | Found a glowing drain.
  2076 | Sewer    | Entered a sewer
  2152 | Sewer    | Learned a level 4 spell: Summon Ice Beast
  2257 | Sewer    | Found a white marble altar of Elyvilon.
  2368 | D:4      | Noticed Edmund
  2379 | D:4      | Killed Edmund
  2379 | D:4      | Reached skill level 1 in Summonings
  2473 | D:4      | Reached XP level 7. HP: 36/36 MP: 17/24
  2557 | D:4      | Noticed Menkaure
  2568 | D:4      | Killed Menkaure
  3528 | D:5      | Entered Level 5 of the Dungeon
  3672 | D:5      | Noticed Duvessa
  3678 | D:5      | Noticed Dowan
  3686 | D:5      | Killed Duvessa
  3688 | D:5      | Killed Dowan
  3788 | D:5      | Noticed Blork the orc
  3807 | D:5      | Killed Blork the orc
  3807 | D:5      | Reached XP level 8. HP: 12/41 MP: 11/25
  3906 | D:5      | Found a staircase to the Ecumenical Temple.
  3968 | Temple   | Entered the Ecumenical Temple
  3980 | Temple   | Became a worshipper of Vehumet
  4054 | D:5      | Reached skill level 1 in Shields
  4231 | D:5      | Noticed vYxOr's ghost (experienced MiFi)
  4349 | D:6      | Found an iron altar of Okawaru.
  4370 | D:6      | Reached skill level 7 in Spellcasting
  4370 | D:6      | Reached skill level 5 in Conjurations
  4524 | D:6      | Noticed a two-headed ogre
  4529 | D:6      | Killed a two-headed ogre
  4529 | D:6      | Reached skill level 5 in Dodging
  4562 | D:6      | Found a glowing silver altar of Zin.
  4728 | D:6      | Found an opulent altar of Gozag.
  4902 | D:6      | Upgraded the game from 0.15-a0-1995-g7e6aeab to 0.15-a0-2019-g30d9616
  4911 | D:6      | Found Gozag's Platinum Reserve.
  5281 | D:7      | Cast into the Abyss (kobold)
  5339 | Abyss:1  | Noticed a large abomination
  5340 | Abyss:1  | Noticed a rakshasa
  5340 | Abyss:1  | Noticed a large abomination
  5362 | Abyss:1  | Killed a large abomination
  5368 | Abyss:1  | Mangled by a lorocyproca

Action                   |  1- 3 |  4- 6 |  7- 9 || total
-------------------------+-------+-------+-------++-------
Melee: Unarmed           |     1 |       |       ||     1
       Short sword       |     4 |       |       ||     4
       Whip              |     5 |     2 |    33 ||    40
       Scythe            |       |    18 |       ||    18
 Fire: Hunting sling     |       |       |     8 ||     8
Throw: Throwing net      |     1 |       |       ||     1
       Tomahawk          |       |     8 |       ||     8
 Cast: Freeze            |    33 |    45 |    61 ||   139
       Throw Frost       |     9 |    18 |     5 ||    32
       Throw Icicle      |       |     5 |    12 ||    17
       Summon Ice Beast  |       |     3 |    26 ||    29
       Ozocubu's Armour  |       |     2 |       ||     2
Evoke: Wand              |       |       |     2 ||     2
  Use: Scroll            |       |     2 |     3 ||     5
       Potion            |       |     2 |     1 ||     3
 Stab: Sleeping          |       |     3 |     1 ||     4
  Eat: Chunk             |       |     4 |    11 ||    15
       Royal jelly       |       |     1 |       ||     1
       Fruit             |       |     1 |       ||     1
       Bread ration      |       |       |     1 ||     1
       Beef jerky        |       |       |     1 ||     1
